cohdb
Replays
Latest Replays
All Replays
Popular Replays
Top Player Replays
Match Explorer
How It Works
Community
CoH3 Stats
Reddit
Sign in to upload your games and track your stats! →
Sign in with Steam
Match 45227445
Unlisted
Match 45227445
Overview
Messages
Build Orders
End
Kradschützen Motorcycle Team
Panzergrenadier Squad
Selects Panzerjäger Kommand Battlegroup
Panzergrenadier Squad
Construct Light Support Kompanie
Panzerjäger Squad
2.5-tonne Medical Truck
Fire Support Elements
Flakvierling Half-track
le.IG 18 Mechanized Group
Combat Half-tracks
Construct Panzerarmee Kommand
Selects Tank Busters
Selects Crew Shock Tactics
Walking Stuka Rocket Launcher
Flak 36 Anti-tank Gun Team
Walking Stuka Rocket Launcher
Panzerpioneer Squad
Forward Retreat Point
Selects Elefant Tank Destroyer
Elefant Tank Destroyer
✠Defender
R19
Vadice
HJT95
☻☻rat☻(swag)☻☻
andresxs3
알뜰펫
周杰伦
0
0
Comments
sign in to comment!
No comments posted yet!